[ AOE2 MATCH · #476070002 ]
UnrankedWei vs Armenians
[ REPLAY ANALYSIS · EXTRACTED FROM THE RECORDED GAME ]
Feudal
10:51
Castle
22:21
Imperial
27:45
| APM avg | 41.7 |
| APM peak | 97 |
| eAPM avg | 29.9 |
| Villagers / military | 142 / 6 |
Focus
⚔️ 47.8% · 🌾 52.2%
Unknown (1952) ×114 · Trade Cart ×38 · Unknown (1942) ×28 · Unknown (1949) ×28 · Militia ×5 · Scorpion ×1
Feudal
11:44
Castle
17:51
Imperial
29:20
| APM avg | 28.8 |
| APM peak | 98 |
| eAPM avg | 17.5 |
| Villagers / military | 93 / 262 |
Focus
⚔️ 33.1% · 🌾 66.9%
Militia ×133 · Composite Bowman ×85 · Spearman ×35 · Fishing Ship ×25 · Trade Cart ×20 · Trebuchet (Packed) ×8
Feudal
12:15
Castle
16:40
Imperial
30:21
| APM avg | 40.1 |
| APM peak | 89 |
| eAPM avg | 30.3 |
| Villagers / military | 154 / 396 |
Focus
⚔️ 48.4% · 🌾 51.6%
Kamayuk ×329 · Petard ×51 · Trade Cart ×38 · Trebuchet (Packed) ×7 · Skirmisher ×4 · Battering Ram ×3
Feudal
12:22
Castle
23:51
Imperial
34:17
| APM avg | 27.8 |
| APM peak | 81 |
| eAPM avg | 17.2 |
| Villagers / military | 107 / 238 |
Focus
⚔️ 31.7% · 🌾 68.3%
Spearman ×191 · Mangonel ×44 · Fishing Ship ×38 · Trade Cart ×6 · Trebuchet (Packed) ×3
Feudal
11:53
Castle
16:02
Imperial
28:51
| APM avg | 42.9 |
| APM peak | 83 |
| eAPM avg | 22.5 |
| Villagers / military | 132 / 22 |
Focus
⚔️ 31.4% · 🌾 68.6%
Unknown (1920) ×212 · Trade Cart ×86 · Fishing Ship ×50 · Unknown (1923) ×26 · Galley ×20 · Monk ×2
Feudal
12:35
Castle
18:38
Imperial
32:40
| APM avg | 32.0 |
| APM peak | 87 |
| eAPM avg | 22.4 |
| Villagers / military | 146 / 219 |
Focus
⚔️ 27.5% · 🌾 72.5%
Elephant Archer ×92 · Shrivamsha Rider ×61 · Scout Cavalry ×54 · Trade Cart ×43 · Bombard Cannon ×8 · Trebuchet (Packed) ×4
Feudal
—
Castle
—
Imperial
—
| APM avg | 41.5 |
| APM peak | 137 |
| eAPM avg | 16.7 |
| Villagers / military | 133 / 239 |
Focus
⚔️ 27.5% · 🌾 72.5%
Kipchak ×190 · Fishing Ship ×50 · Trade Cart ×35 · Scout Cavalry ×30 · Mangonel ×7 · Trebuchet (Packed) ×7
Feudal
11:23
Castle
15:19
Imperial
30:22
| APM avg | 34.3 |
| APM peak | 70 |
| eAPM avg | 22.6 |
| Villagers / military | 189 / 75 |
Focus
⚔️ 23.4% · 🌾 76.6%
Mangudai ×48 · Battering Ram ×16 · Scout Cavalry ×8 · Trebuchet (Packed) ×3
Match map
Initial resources + every placement click. Lines = walls · curves = elevation contours. ◆ gold · ⬟ stone · ● berries · ✦ relic · ◌ wall gap
Your base· ✓ Closed at 22:21 · 61t walls · 1 gate(s)
[Anvil] Nikolettafraoula's base· ✓ Closed at 17:51 · 27t walls · 1 gate(s)
Ez4u2nv's base· ✓ Closed at 16:40 · 17t walls · no gate
Cyrus's base· ✓ Closed at 23:51 · 46t walls · no gate
NakedNipples's base· ✓ Closed at 16:02 · 12t walls · no gate
Mushu's base· ✓ Closed at 18:38 · 57t walls · no gate
JARDANI1299's base· ✓ Closed at 12:05 · 0t walls · no gate
lucky0815's base· ✓ Closed at 15:19 · 23t walls · 3 gate(s)
Smoothed initial terrain · ◌ = detected wall gap · hover for details
Inputs per minute
— Fost - - [Anvil] Nikolettafraoula
Build order — Fost
First 150 of 528 actions detected
| 0:01 | Create | Villager (Male) |
| 0:01 | Create | Villager (Male) |
| 0:01 | Create | Villager (Male) |
| 0:01 | Create | Villager (Male) |
| 0:01 | Create | Villager (Male) |
| 0:02 | Build | House |
| 0:03 | Build | House |
| 0:10 | Research | Loom |
| 0:10 | Create | Villager (Male) |
| 0:11 | Create | Villager (Male) |
| 0:11 | Create | Villager (Male) |
| 1:19 | Build | Palisade Wall |
| 1:57 | Create | Villager (Male) |
| 1:57 | Create | Villager (Male) |
| 2:30 | Build | Lumber Camp |
| 2:31 | Build | Lumber Camp |
| 2:34 | Create | Villager (Male) |
| 2:57 | Create | Villager (Male) |
| 2:57 | Create | Villager (Male) |
| 3:19 | Create | Villager (Male) |
| 3:20 | Create | Villager (Male) |
| 3:46 | Create | Villager (Male) |
| 3:46 | Create | Villager (Male) |
| 4:02 | Build | House |
| 4:06 | Build | House |
| 4:10 | Create | Villager (Male) |
| 4:36 | Create | Villager (Male) |
| 4:59 | Create | Villager (Male) |
| 4:59 | Create | Villager (Male) |
| 5:21 | Build | Mill |
| 5:25 | Create | Villager (Male) |
| 5:25 | Create | Villager (Male) |
| 5:56 | Create | Villager (Male) |
| 5:56 | Create | Villager (Male) |
| 6:06 | Build | House |
| 6:07 | Build | House |
| 6:14 | Create | Villager (Male) |
| 6:35 | Create | Villager (Male) |
| 6:35 | Create | Villager (Male) |
| 6:36 | Create | Villager (Male) |
| 7:03 | Create | Villager (Male) |
| 7:03 | Create | Villager (Male) |
| 7:33 | Create | Villager (Male) |
| 7:50 | Build | Mining Camp |
| 7:53 | Create | Villager (Male) |
| 8:41 | Research | Feudal Age |
| 8:42 | Research | Feudal Age |
| 8:55 | Build | Barracks |
| 9:37 | Create | Militia |
| 9:37 | Create | Militia |
| 9:37 | Create | Militia |
| 9:37 | Create | Militia |
| 10:05 | Build | House |
| 10:33 | Create | Villager (Male) |
| 10:34 | Create | Villager (Male) |
| 10:51 | Age | Feudal Age |
| 10:53 | Build | Watch Tower |
| 10:59 | Research | Man-at-Arms (upgrade) |
| 10:59 | Research | Man-at-Arms (upgrade) |
| 11:16 | Research | Double-Bit Axe |
| 11:16 | Research | Double-Bit Axe |
| 11:34 | Create | Militia |
| 11:35 | Create | Villager (Male) |
| 12:24 | Create | Villager (Male) |
| 12:29 | Build | House |
| 12:42 | Create | Villager (Male) |
| 12:48 | Build | Mining Camp |
| 12:51 | Create | Villager (Male) |
| 12:57 | Create | Villager (Male) |
| 13:25 | Create | Villager (Male) |
| 13:57 | Build | Stone Wall |
| 14:00 | Build | Gate |
| 14:07 | Create | Villager (Male) |
| 14:12 | Build | Lumber Camp |
| 14:27 | Create | Villager (Male) |
| 15:06 | Create | Villager (Male) |
| 15:17 | Build | House |
| 15:18 | Build | House |
| 15:44 | Build | Farm |
| 15:45 | Create | Villager (Male) |
| 15:48 | Build | Market |
| 15:56 | Build | Farm |
| 15:59 | Create | Villager (Male) |
| 16:11 | Build | Outpost |
| 16:24 | Research | Horse Collar |
| 16:31 | Create | Villager (Male) |
| 16:36 | Build | Blacksmith |
| 17:05 | Create | Villager (Male) |
| 17:52 | Create | Villager (Male) |
| 17:56 | Build | Farm |
| 17:57 | Build | Farm |
| 17:58 | Build | Farm |
| 17:58 | Build | Farm |
| 17:59 | Build | Farm |
| 18:00 | Build | Farm |
| 18:16 | Build | Stone Wall |
| 18:19 | Build | Farm |
| 18:20 | Build | Farm |
| 18:21 | Build | Farm |
| 18:23 | Create | Villager (Male) |
| 18:23 | Create | Villager (Male) |
| 18:53 | Create | Villager (Male) |
| 19:00 | Build | Farm |
| 19:02 | Build | Farm |
| 19:31 | Build | Stone Wall |
| 19:32 | Build | Stone Wall |
| 19:41 | Research | Castle Age |
| 19:44 | Build | Farm |
| 20:55 | Build | Stone Wall |
| 21:06 | Build | House |
| 21:06 | Build | House |
| 21:10 | Build | House |
| 21:10 | Build | House |
| 21:13 | Create | Villager (Male) |
| 21:14 | Create | Villager (Male) |
| 22:21 | Age | Castle Age |
| 22:32 | Build | University |
| 22:39 | Build | Castle |
| 22:44 | Build | Farm |
| 22:47 | Build | Farm |
| 22:48 | Build | Farm |
| 22:53 | Build | Farm |
| 22:55 | Create | Villager (Male) |
| 23:05 | Build | Archery Range |
| 23:07 | Build | Archery Range |
| 23:15 | Build | Farm |
| 23:15 | Create | Villager (Male) |
| 23:19 | Build | Farm |
| 23:21 | Build | Farm |
| 24:00 | Research | Bow Saw |
| 24:35 | Research | Imperial Age |
| 24:36 | Research | Imperial Age |
| 24:57 | Research | Gold Mining |
| 25:05 | Research | Heavy Plow |
| 25:05 | Research | Heavy Plow |
| 25:14 | Create | Unit 1952 |
| 25:14 | Create | Unit 1952 |
| 25:40 | Build | Siege Workshop |
| 25:45 | Research | Fletching |
| 25:45 | Research | Fletching |
| 25:47 | Create | Unit 1952 |
| 25:47 | Create | Unit 1952 |
| 26:01 | Create | Unit 1952 |
| 26:01 | Create | Unit 1952 |
| 26:16 | Create | Unit 1952 |
| 26:17 | Create | Unit 1952 |
| 26:29 | Research | Bodkin Arrow |
| 26:29 | Research | Bodkin Arrow |
| 26:31 | Create | Unit 1952 |
| 26:32 | Create | Unit 1952 |
Build order — [Anvil] Nikolettafraoula
First 150 of 455 actions detected
| 0:02 | Create | Villager (Male) |
| 0:02 | Create | Villager (Male) |
| 0:03 | Build | House |
| 0:05 | Build | House |
| 0:31 | Create | Villager (Male) |
| 0:31 | Create | Villager (Male) |
| 1:59 | Create | Villager (Male) |
| 2:19 | Build | Mule Cart |
| 2:22 | Create | Villager (Male) |
| 2:30 | Create | Villager (Male) |
| 3:07 | Create | Villager (Male) |
| 3:40 | Create | Villager (Male) |
| 3:45 | Build | House |
| 3:54 | Create | Villager (Male) |
| 4:45 | Create | Villager (Male) |
| 5:09 | Create | Villager (Male) |
| 5:17 | Research | Loom |
| 5:44 | Create | Villager (Male) |
| 6:01 | Build | Dock |
| 6:04 | Build | House |
| 6:21 | Create | Villager (Male) |
| 6:30 | Create | Villager (Male) |
| 6:49 | Create | Villager (Male) |
| 6:54 | Build | Mill |
| 6:58 | Create | Villager (Male) |
| 7:25 | Create | Villager (Male) |
| 7:50 | Create | Fishing Ship |
| 7:53 | Build | House |
| 7:57 | Create | Fishing Ship |
| 8:31 | Create | Villager (Male) |
| 8:32 | Create | Villager (Male) |
| 8:42 | Build | Mule Cart |
| 9:34 | Research | Feudal Age |
| 10:15 | Create | Fishing Ship |
| 10:15 | Create | Fishing Ship |
| 10:24 | Build | House |
| 10:32 | Build | Farm |
| 10:37 | Build | Farm |
| 11:14 | Build | Farm |
| 11:16 | Build | Farm |
| 11:19 | Create | Villager (Male) |
| 11:19 | Create | Villager (Male) |
| 11:29 | Create | Fishing Ship |
| 11:44 | Age | Feudal Age |
| 11:57 | Build | Stone Wall |
| 12:02 | Build | Gate |
| 12:03 | Build | Stone Wall |
| 12:23 | Build | Gate |
| 12:25 | Build | Stone Wall |
| 12:27 | Build | Stone Wall |
| 12:34 | Create | Villager (Male) |
| 12:40 | Build | House |
| 12:53 | Build | Blacksmith |
| 12:56 | Create | Villager (Male) |
| 13:08 | Build | Market |
| 13:22 | Create | Villager (Male) |
| 13:46 | Build | Farm |
| 13:49 | Build | Farm |
| 13:52 | Build | Farm |
| 13:54 | Build | Farm |
| 13:58 | Build | Farm |
| 14:00 | Create | Villager (Male) |
| 14:18 | Create | Fishing Ship |
| 14:22 | Research | Tech 906 |
| 14:29 | Build | Farm |
| 14:32 | Create | Villager (Male) |
| 14:39 | Build | Stone Wall |
| 15:11 | Research | Castle Age |
| 15:42 | Research | Double-Bit Axe |
| 15:49 | Research | Horse Collar |
| 17:44 | Build | Stone Wall |
| 17:51 | Age | Castle Age |
| 17:55 | Research | Gillnets |
| 17:56 | Research | Bow Saw |
| 18:04 | Build | Town Center |
| 18:18 | Create | Villager (Male) |
| 18:18 | Create | Villager (Male) |
| 18:31 | Build | Town Center |
| 18:35 | Create | Villager (Male) |
| 18:40 | Build | Fish Trap |
| 18:42 | Build | Fish Trap |
| 18:43 | Build | Fish Trap |
| 18:48 | Build | Fish Trap |
| 18:56 | Create | Villager (Male) |
| 19:07 | Build | Fish Trap |
| 19:13 | Build | House |
| 19:40 | Create | Fishing Ship |
| 19:43 | Create | Villager (Male) |
| 19:44 | Create | Villager (Male) |
| 19:48 | Research | Wheelbarrow |
| 19:49 | Create | Villager (Male) |
| 20:00 | Build | House |
| 20:01 | Build | House |
| 20:10 | Create | Villager (Male) |
| 20:13 | Build | House |
| 20:14 | Build | House |
| 20:27 | Build | Farm |
| 20:31 | Create | Villager (Male) |
| 20:32 | Build | Farm |
| 20:35 | Build | Farm |
| 20:38 | Build | Farm |
| 20:40 | Create | Villager (Male) |
| 20:41 | Create | Villager (Male) |
| 20:47 | Create | Villager (Male) |
| 20:51 | Build | Fish Trap |
| 20:52 | Create | Fishing Ship |
| 20:53 | Create | Fishing Ship |
| 21:12 | Build | Farm |
| 21:14 | Build | Farm |
| 21:17 | Create | Villager (Male) |
| 21:20 | Create | Villager (Male) |
| 21:22 | Create | Villager (Male) |
| 21:26 | Build | House |
| 21:32 | Build | Dock |
| 21:36 | Build | Fish Trap |
| 21:38 | Create | Fishing Ship |
| 21:41 | Create | Villager (Male) |
| 21:44 | Create | Villager (Male) |
| 21:55 | Create | Villager (Male) |
| 21:59 | Build | Farm |
| 22:02 | Research | Heavy Plow |
| 22:06 | Build | Farm |
| 22:08 | Build | Farm |
| 22:11 | Build | Farm |
| 22:13 | Create | Villager (Male) |
| 22:14 | Create | Villager (Male) |
| 22:17 | Create | Villager (Male) |
| 22:22 | Build | Fish Trap |
| 22:23 | Create | Fishing Ship |
| 23:03 | Build | Farm |
| 23:06 | Build | Farm |
| 23:14 | Create | Fishing Ship |
| 23:14 | Create | Fishing Ship |
| 23:19 | Build | Dock |
| 23:21 | Build | Fish Trap |
| 23:23 | Create | Fishing Ship |
| 23:27 | Create | Villager (Male) |
| 23:28 | Create | Villager (Male) |
| 23:30 | Create | Villager (Male) |
| 23:30 | Create | Villager (Male) |
| 23:34 | Create | Villager (Male) |
| 23:34 | Create | Villager (Male) |
| 23:38 | Build | Fish Trap |
| 23:41 | Create | Fishing Ship |
| 23:58 | Build | University |
| 24:01 | Build | Monastery |
| 24:11 | Build | Mule Cart |
| 24:14 | Create | Villager (Male) |
| 24:15 | Create | Villager (Male) |
| 24:16 | Create | Villager (Male) |
Build order — Ez4u2nv
First 150 of 805 actions detected
| 0:01 | Create | Villager (Male) |
| 0:01 | Create | Villager (Male) |
| 0:02 | Build | House |
| 0:03 | Build | House |
| 0:08 | Create | Villager (Male) |
| 0:08 | Create | Villager (Male) |
| 1:31 | Create | Villager (Male) |
| 1:37 | Research | Loom |
| 1:37 | Create | Villager (Male) |
| 1:37 | Create | Villager (Male) |
| 2:05 | Create | Villager (Male) |
| 2:39 | Build | Settlement |
| 2:50 | Create | Villager (Male) |
| 2:50 | Create | Villager (Male) |
| 2:57 | Build | Palisade Wall |
| 3:00 | Build | Palisade Wall |
| 3:20 | Build | Palisade Wall |
| 3:24 | Build | Palisade Wall |
| 3:47 | Create | Villager (Male) |
| 3:47 | Create | Villager (Male) |
| 3:47 | Create | Villager (Male) |
| 3:52 | Build | Palisade Wall |
| 4:00 | Create | Villager (Male) |
| 4:00 | Create | Villager (Male) |
| 4:09 | Build | Palisade Wall |
| 4:10 | Build | Palisade Wall |
| 4:40 | Create | Villager (Male) |
| 5:32 | Create | Villager (Male) |
| 5:48 | Create | Villager (Male) |
| 5:57 | Build | Settlement |
| 6:06 | Create | Villager (Male) |
| 6:39 | Create | Villager (Male) |
| 7:27 | Create | Villager (Male) |
| 7:28 | Create | Villager (Male) |
| 7:28 | Create | Villager (Male) |
| 7:48 | Build | Palisade Wall |
| 7:55 | Create | Villager (Male) |
| 7:56 | Create | Villager (Male) |
| 8:14 | Build | Palisade Wall |
| 8:17 | Create | Villager (Male) |
| 8:19 | Create | Villager (Male) |
| 8:38 | Create | Villager (Male) |
| 9:04 | Build | Palisade Wall |
| 9:16 | Create | Villager (Male) |
| 9:26 | Build | Settlement |
| 10:05 | Research | Feudal Age |
| 10:53 | Build | Farm |
| 10:58 | Build | Farm |
| 11:06 | Create | Villager (Male) |
| 11:06 | Create | Villager (Male) |
| 11:06 | Create | Villager (Male) |
| 12:15 | Age | Feudal Age |
| 12:28 | Build | Market |
| 12:29 | Build | Blacksmith |
| 13:19 | Create | Villager (Male) |
| 14:00 | Research | Castle Age |
| 14:10 | Research | Horse Collar |
| 14:11 | Research | Horse Collar |
| 14:13 | Research | Double-Bit Axe |
| 14:14 | Research | Horse Collar |
| 14:53 | Create | Villager (Male) |
| 14:54 | Create | Villager (Male) |
| 15:36 | Create | Villager (Male) |
| 15:57 | Build | Farm |
| 16:40 | Age | Castle Age |
| 16:42 | Build | Town Center |
| 16:45 | Build | Town Center |
| 17:03 | Build | Farm |
| 17:05 | Build | Farm |
| 17:10 | Build | Farm |
| 17:40 | Create | Villager (Male) |
| 17:41 | Create | Villager (Male) |
| 18:05 | Build | Farm |
| 18:08 | Create | Villager (Male) |
| 18:08 | Create | Villager (Male) |
| 18:15 | Create | Villager (Male) |
| 18:16 | Create | Villager (Male) |
| 18:18 | Build | Farm |
| 18:34 | Create | Villager (Male) |
| 18:35 | Create | Villager (Male) |
| 18:35 | Create | Villager (Male) |
| 18:39 | Build | Farm |
| 18:43 | Build | Farm |
| 18:58 | Create | Villager (Male) |
| 18:58 | Create | Villager (Male) |
| 18:58 | Create | Villager (Male) |
| 19:02 | Build | Farm |
| 19:10 | Build | Farm |
| 19:14 | Create | Villager (Male) |
| 19:14 | Create | Villager (Male) |
| 19:30 | Build | Stone Wall |
| 19:32 | Build | Gate |
| 19:37 | Create | Villager (Male) |
| 19:38 | Create | Villager (Male) |
| 19:39 | Create | Villager (Male) |
| 19:40 | Create | Villager (Male) |
| 19:44 | Build | Town Center |
| 19:52 | Build | Farm |
| 20:02 | Create | Villager (Male) |
| 20:02 | Create | Villager (Male) |
| 20:03 | Create | Villager (Male) |
| 20:04 | Create | Villager (Male) |
| 20:08 | Build | Farm |
| 20:09 | Build | Farm |
| 20:21 | Create | Villager (Male) |
| 20:22 | Create | Villager (Male) |
| 20:25 | Build | Farm |
| 20:27 | Build | Farm |
| 20:39 | Create | Villager (Male) |
| 20:49 | Build | Farm |
| 20:51 | Build | Farm |
| 20:52 | Create | Villager (Male) |
| 20:52 | Create | Villager (Male) |
| 20:53 | Create | Villager (Male) |
| 21:03 | Create | Villager (Male) |
| 21:04 | Build | House |
| 21:05 | Build | House |
| 21:20 | Create | Villager (Male) |
| 21:20 | Create | Villager (Male) |
| 21:27 | Build | Town Center |
| 21:31 | Create | Villager (Male) |
| 21:34 | Build | Farm |
| 21:42 | Build | Farm |
| 21:44 | Build | Farm |
| 21:47 | Create | Villager (Male) |
| 21:47 | Create | Villager (Male) |
| 21:52 | Build | Farm |
| 21:54 | Build | Farm |
| 22:05 | Create | Villager (Male) |
| 22:08 | Build | House |
| 22:10 | Build | House |
| 22:17 | Create | Villager (Male) |
| 22:21 | Research | Wheelbarrow |
| 22:24 | Build | Farm |
| 22:26 | Build | Farm |
| 22:30 | Create | Villager (Male) |
| 22:35 | Build | Farm |
| 22:44 | Build | Farm |
| 22:47 | Build | Farm |
| 22:49 | Create | Villager (Male) |
| 22:50 | Create | Villager (Male) |
| 22:52 | Create | Villager (Male) |
| 22:56 | Create | Villager (Male) |
| 23:00 | Create | Villager (Male) |
| 23:02 | Build | Farm |
| 23:03 | Build | Farm |
| 23:03 | Build | Farm |
| 23:04 | Build | Farm |
| 23:13 | Create | Villager (Male) |
| 23:14 | Create | Villager (Male) |
Build order — Cyrus
First 150 of 438 actions detected
| 0:02 | Create | Villager (Male) |
| 0:02 | Create | Villager (Male) |
| 0:02 | Create | Villager (Male) |
| 0:03 | Build | House |
| 0:04 | Build | House |
| 0:12 | Create | Villager (Male) |
| 0:19 | Research | Loom |
| 0:34 | Create | Villager (Male) |
| 0:35 | Create | Villager (Male) |
| 0:35 | Create | Villager (Male) |
| 0:35 | Create | Villager (Male) |
| 0:47 | Build | Palisade Wall |
| 2:01 | Build | Palisade Wall |
| 2:04 | Build | Palisade Wall |
| 2:06 | Build | Palisade Wall |
| 2:18 | Create | Villager (Male) |
| 2:36 | Build | Palisade Wall |
| 2:48 | Create | Villager (Male) |
| 4:16 | Create | Villager (Male) |
| 4:16 | Create | Villager (Male) |
| 4:17 | Create | Villager (Male) |
| 4:36 | Create | Villager (Male) |
| 4:56 | Create | Villager (Male) |
| 5:29 | Create | Villager (Male) |
| 5:29 | Create | Villager (Male) |
| 6:05 | Create | Villager (Male) |
| 6:08 | Build | House |
| 6:56 | Build | Dock |
| 7:02 | Create | Villager (Male) |
| 7:28 | Create | Villager (Male) |
| 7:28 | Create | Villager (Male) |
| 7:56 | Build | House |
| 8:20 | Create | Villager (Male) |
| 8:56 | Create | Villager (Male) |
| 9:01 | Create | Fishing Ship |
| 9:02 | Create | Fishing Ship |
| 9:30 | Create | Villager (Male) |
| 9:57 | Create | Villager (Male) |
| 10:12 | Research | Feudal Age |
| 10:26 | Create | Fishing Ship |
| 10:30 | Build | House |
| 11:07 | Create | Villager (Male) |
| 11:08 | Create | Villager (Male) |
| 11:26 | Create | Villager (Male) |
| 11:31 | Create | Fishing Ship |
| 11:48 | Create | Fishing Ship |
| 11:50 | Create | Fishing Ship |
| 12:00 | Build | House |
| 12:03 | Build | Mule Cart |
| 12:22 | Age | Feudal Age |
| 12:40 | Build | Mill |
| 12:45 | Create | Villager (Male) |
| 12:50 | Create | Fishing Ship |
| 13:08 | Build | Stone Wall |
| 13:13 | Build | Stone Wall |
| 13:30 | Create | Villager (Male) |
| 13:45 | Build | Dock |
| 13:50 | Create | Villager (Male) |
| 13:53 | Build | House |
| 14:05 | Create | Fishing Ship |
| 14:05 | Create | Fishing Ship |
| 14:15 | Build | House |
| 14:18 | Build | House |
| 14:36 | Build | Outpost |
| 14:59 | Create | Fishing Ship |
| 15:00 | Create | Fishing Ship |
| 15:02 | Create | Villager (Male) |
| 15:02 | Create | Villager (Male) |
| 15:12 | Build | Market |
| 15:14 | Build | Blacksmith |
| 15:23 | Research | Double-Bit Axe |
| 15:56 | Build | Fish Trap |
| 15:57 | Create | Villager (Male) |
| 15:57 | Create | Villager (Male) |
| 16:06 | Build | Fish Trap |
| 16:18 | Build | Stone Wall |
| 16:34 | Create | Fishing Ship |
| 16:40 | Build | Fish Trap |
| 16:47 | Build | Fish Trap |
| 16:59 | Create | Villager (Male) |
| 17:00 | Create | Villager (Male) |
| 17:07 | Build | Fish Trap |
| 17:14 | Build | Fish Trap |
| 17:29 | Build | Fish Trap |
| 17:31 | Create | Villager (Male) |
| 17:39 | Build | Stone Wall |
| 17:43 | Create | Villager (Male) |
| 17:50 | Build | Fish Trap |
| 17:58 | Create | Villager (Male) |
| 18:02 | Build | House |
| 18:03 | Build | House |
| 18:20 | Build | Fish Trap |
| 18:28 | Build | Fish Trap |
| 18:37 | Create | Villager (Male) |
| 18:47 | Build | House |
| 18:49 | Build | House |
| 18:51 | Build | House |
| 18:54 | Build | House |
| 18:55 | Build | House |
| 18:58 | Create | Villager (Male) |
| 19:11 | Create | Fishing Ship |
| 19:11 | Create | Fishing Ship |
| 19:20 | Build | House |
| 19:20 | Build | House |
| 19:27 | Build | House |
| 19:33 | Create | Fishing Ship |
| 19:42 | Build | Fish Trap |
| 20:05 | Create | Villager (Male) |
| 20:06 | Create | Villager (Male) |
| 20:11 | Build | Fish Trap |
| 20:17 | Create | Fishing Ship |
| 20:17 | Create | Fishing Ship |
| 20:38 | Build | Fish Trap |
| 20:45 | Build | Fish Trap |
| 21:06 | Build | Fish Trap |
| 21:11 | Research | Castle Age |
| 21:32 | Create | Villager (Male) |
| 21:48 | Research | Gold Mining |
| 21:55 | Build | Mule Cart |
| 22:04 | Build | Mule Cart |
| 22:27 | Build | Dock |
| 22:35 | Build | Fish Trap |
| 22:39 | Create | Fishing Ship |
| 22:39 | Create | Fishing Ship |
| 22:40 | Create | Fishing Ship |
| 22:40 | Create | Fishing Ship |
| 22:41 | Create | Fishing Ship |
| 22:43 | Create | Villager (Male) |
| 23:29 | Create | Fishing Ship |
| 23:29 | Create | Fishing Ship |
| 23:30 | Create | Fishing Ship |
| 23:30 | Create | Fishing Ship |
| 23:35 | Research | Tech 906 |
| 23:48 | Build | Fish Trap |
| 23:51 | Age | Castle Age |
| 23:53 | Build | Fish Trap |
| 23:54 | Create | Villager (Male) |
| 23:55 | Create | Villager (Male) |
| 24:01 | Build | Town Center |
| 24:19 | Create | Villager (Male) |
| 24:20 | Research | Wheelbarrow |
| 24:21 | Research | Town Watch |
| 24:24 | Research | Bow Saw |
| 24:33 | Build | Fish Trap |
| 24:45 | Build | Fish Trap |
| 24:56 | Build | Fish Trap |
| 25:02 | Build | Fish Trap |
| 25:12 | Build | Fish Trap |
| 25:22 | Build | Fish Trap |
| 25:23 | Create | Villager (Male) |
Build order — NakedNipples
First 150 of 461 actions detected
| 0:00 | Create | Villager (Male) |
| 0:01 | Create | Villager (Male) |
| 0:02 | Build | House |
| 0:03 | Build | House |
| 0:05 | Create | Villager (Male) |
| 0:05 | Create | Villager (Male) |
| 1:25 | Create | Villager (Male) |
| 1:53 | Create | Villager (Male) |
| 1:54 | Create | Villager (Male) |
| 1:55 | Build | Lumber Camp |
| 2:17 | Create | Villager (Male) |
| 2:18 | Create | Villager (Male) |
| 2:38 | Create | Villager (Male) |
| 3:00 | Create | Villager (Male) |
| 3:25 | Build | House |
| 3:32 | Create | Villager (Male) |
| 3:56 | Create | Villager (Male) |
| 4:23 | Create | Villager (Male) |
| 4:56 | Build | Dock |
| 4:59 | Create | Villager (Male) |
| 5:07 | Create | Villager (Male) |
| 5:07 | Create | Villager (Male) |
| 5:36 | Build | House |
| 5:41 | Create | Fishing Ship |
| 5:44 | Create | Villager (Male) |
| 5:53 | Create | Villager (Male) |
| 6:10 | Create | Fishing Ship |
| 6:15 | Create | Villager (Male) |
| 6:27 | Create | Villager (Male) |
| 6:41 | Create | Villager (Male) |
| 6:46 | Build | House |
| 6:53 | Create | Villager (Male) |
| 7:04 | Create | Fishing Ship |
| 7:09 | Create | Villager (Male) |
| 7:09 | Create | Villager (Male) |
| 7:41 | Create | Fishing Ship |
| 7:47 | Build | House |
| 8:07 | Research | Loom |
| 8:07 | Research | Loom |
| 8:20 | Build | House |
| 8:32 | Build | Lumber Camp |
| 8:35 | Create | Villager (Male) |
| 8:38 | Build | Lumber Camp |
| 8:41 | Build | Palisade Wall |
| 8:43 | Build | Palisade Wall |
| 8:57 | Create | Fishing Ship |
| 9:11 | Create | Villager (Male) |
| 9:31 | Create | Fishing Ship |
| 9:43 | Research | Feudal Age |
| 9:43 | Research | Feudal Age |
| 9:54 | Build | Mining Camp |
| 10:23 | Build | Mill |
| 11:26 | Create | Villager (Male) |
| 11:26 | Create | Villager (Male) |
| 11:27 | Create | Villager (Male) |
| 11:53 | Age | Feudal Age |
| 11:56 | Create | Villager (Male) |
| 11:57 | Build | Market |
| 11:59 | Build | Blacksmith |
| 12:15 | Create | Fishing Ship |
| 13:09 | Create | Fishing Ship |
| 13:22 | Research | Castle Age |
| 13:23 | Research | Castle Age |
| 13:42 | Research | Tech 906 |
| 13:42 | Research | Tech 906 |
| 13:57 | Build | Fish Trap |
| 14:36 | Build | Fish Trap |
| 14:40 | Research | Double-Bit Axe |
| 14:40 | Research | Double-Bit Axe |
| 14:59 | Build | Fish Trap |
| 16:02 | Age | Castle Age |
| 16:05 | Create | Villager (Male) |
| 16:05 | Create | Villager (Male) |
| 16:08 | Build | Town Center |
| 16:09 | Research | Bow Saw |
| 16:10 | Research | Bow Saw |
| 16:11 | Create | Villager (Male) |
| 16:17 | Build | Town Center |
| 16:32 | Create | Villager (Male) |
| 16:35 | Build | House |
| 16:35 | Build | House |
| 16:44 | Research | Gillnets |
| 16:45 | Research | Gillnets |
| 16:48 | Create | Villager (Male) |
| 17:08 | Create | Fishing Ship |
| 17:25 | Build | Fish Trap |
| 17:27 | Create | Villager (Male) |
| 17:32 | Create | Villager (Male) |
| 17:32 | Create | Villager (Male) |
| 17:41 | Build | Fish Trap |
| 17:53 | Build | House |
| 17:59 | Create | Villager (Male) ×5 |
| 18:06 | Build | Fish Trap |
| 18:07 | Create | Villager (Male) |
| 18:08 | Create | Villager (Male) |
| 18:08 | Create | Villager (Male) |
| 18:09 | Create | Villager (Male) |
| 18:11 | Create | Fishing Ship |
| 18:23 | Build | Fish Trap |
| 18:37 | Build | Dock |
| 18:43 | Build | Fish Trap |
| 18:47 | Create | Villager (Male) ×2 |
| 18:47 | Create | Villager (Male) ×2 |
| 18:55 | Create | Fishing Ship |
| 19:02 | Build | Fish Trap |
| 19:05 | Create | Villager (Male) |
| 19:06 | Create | Villager (Male) |
| 19:06 | Create | Villager (Male) |
| 19:06 | Create | Villager (Male) |
| 19:14 | Build | Fish Trap |
| 19:15 | Create | Fishing Ship |
| 19:18 | Build | House |
| 19:19 | Build | House |
| 19:26 | Create | Villager (Male) |
| 19:33 | Build | Dock |
| 19:41 | Create | Fishing Ship |
| 19:42 | Create | Villager (Male) |
| 19:42 | Create | Villager (Male) |
| 19:45 | Build | Fish Trap |
| 19:53 | Create | Villager (Male) |
| 19:54 | Create | Villager (Male) |
| 19:57 | Create | Fishing Ship |
| 20:02 | Build | Fish Trap |
| 20:04 | Create | Fishing Ship |
| 20:05 | Create | Villager (Male) |
| 20:08 | Build | House |
| 20:08 | Build | House |
| 20:11 | Build | House |
| 20:13 | Create | Fishing Ship |
| 20:21 | Build | Dock |
| 20:25 | Create | Villager (Male) |
| 20:26 | Create | Villager (Male) |
| 20:28 | Create | Villager (Male) ×3 |
| 20:29 | Create | Villager (Male) |
| 20:34 | Build | Lumber Camp |
| 20:36 | Build | Palisade Wall |
| 20:39 | Build | Palisade Wall |
| 20:48 | Create | Fishing Ship |
| 20:49 | Create | Fishing Ship |
| 20:49 | Create | Villager (Male) ×2 |
| 20:59 | Build | Fish Trap |
| 21:00 | Build | Fish Trap |
| 21:03 | Build | Fish Trap |
| 21:06 | Build | Fish Trap |
| 21:08 | Create | Fishing Ship ×2 |
| 21:09 | Create | Villager (Male) ×2 |
| 21:09 | Create | Villager (Male) |
| 21:24 | Build | Dock |
| 21:24 | Create | Villager (Male) |
| 21:25 | Create | Villager (Male) |
Build order — Mushu
First 150 of 471 actions detected
| 0:02 | Create | Villager (Male) ×4 |
| 0:03 | Build | House |
| 0:04 | Build | House |
| 0:17 | Research | Loom |
| 0:17 | Create | Villager (Male) |
| 0:18 | Create | Villager (Male) |
| 0:35 | Create | Villager (Male) |
| 0:35 | Create | Villager (Male) |
| 1:50 | Create | Villager (Male) |
| 2:00 | Build | Palisade Wall |
| 2:18 | Build | Palisade Wall |
| 2:23 | Build | Palisade Wall |
| 2:42 | Build | Mill |
| 2:52 | Create | Villager (Male) |
| 2:53 | Create | Villager (Male) |
| 3:20 | Create | Villager (Male) |
| 3:55 | Create | Villager (Male) |
| 4:33 | Create | Villager (Male) |
| 4:34 | Create | Villager (Male) |
| 4:34 | Create | Villager (Male) |
| 4:59 | Create | Villager (Male) |
| 5:14 | Create | Villager (Male) |
| 5:39 | Create | Villager (Male) |
| 5:42 | Build | House |
| 6:20 | Build | Palisade Wall |
| 6:22 | Create | Villager (Male) |
| 6:53 | Create | Villager (Male) |
| 7:26 | Build | Lumber Camp |
| 7:40 | Build | Palisade Wall |
| 7:43 | Build | Palisade Wall |
| 7:48 | Build | Palisade Wall |
| 7:55 | Create | Villager (Male) |
| 7:57 | Create | Villager (Male) |
| 7:58 | Create | Villager (Male) |
| 8:07 | Create | Villager (Male) |
| 8:33 | Build | House |
| 8:41 | Build | Palisade Wall |
| 8:43 | Build | Palisade Wall |
| 8:48 | Create | Villager (Male) |
| 9:07 | Create | Villager (Male) |
| 9:32 | Build | Palisade Wall |
| 9:47 | Create | Villager (Male) |
| 10:23 | Research | Feudal Age |
| 10:34 | Build | Mining Camp |
| 11:33 | Build | House |
| 12:01 | Build | House |
| 12:35 | Age | Feudal Age |
| 12:38 | Build | Stone Wall |
| 12:41 | Build | Stone Wall |
| 12:43 | Build | Stone Wall |
| 12:44 | Build | Stone Wall |
| 12:50 | Build | Stone Wall |
| 12:55 | Build | Stone Wall |
| 12:58 | Build | Stone Wall |
| 13:01 | Create | Villager (Male) |
| 13:02 | Create | Villager (Male) |
| 13:07 | Build | Market |
| 13:15 | Build | Stone Wall |
| 13:24 | Research | Double-Bit Axe |
| 13:25 | Research | Horse Collar |
| 13:52 | Create | Villager (Male) |
| 13:58 | Build | Blacksmith |
| 14:16 | Create | Villager (Male) |
| 14:36 | Build | Stone Wall |
| 14:38 | Build | Stone Wall |
| 14:47 | Build | Farm |
| 14:48 | Create | Villager (Male) |
| 14:52 | Build | Farm |
| 14:59 | Build | Farm |
| 15:15 | Create | Villager (Male) |
| 15:23 | Build | Farm |
| 15:58 | Research | Castle Age |
| 16:09 | Build | Lumber Camp |
| 16:42 | Build | Outpost |
| 16:48 | Build | Outpost |
| 16:55 | Build | Outpost |
| 17:12 | Build | Mining Camp |
| 18:18 | Build | House |
| 18:27 | Create | Villager (Male) |
| 18:38 | Age | Castle Age |
| 18:40 | Build | Town Center |
| 18:50 | Build | Town Center |
| 18:52 | Create | Villager (Male) |
| 18:56 | Research | Bow Saw |
| 19:01 | Build | House |
| 19:15 | Build | House |
| 19:24 | Create | Villager (Male) |
| 19:27 | Build | Farm |
| 19:31 | Build | Farm |
| 19:33 | Build | Farm |
| 19:47 | Create | Villager (Male) |
| 19:54 | Build | House |
| 19:58 | Create | Villager (Male) |
| 20:04 | Build | House |
| 20:08 | Build | House |
| 20:10 | Build | House |
| 20:19 | Create | Villager (Male) |
| 20:21 | Build | Farm |
| 20:23 | Build | Farm |
| 20:26 | Create | Villager (Male) |
| 20:32 | Create | Villager (Male) |
| 20:35 | Build | Farm |
| 20:43 | Create | Villager (Male) |
| 20:53 | Build | Farm |
| 20:59 | Build | House |
| 21:03 | Build | Farm |
| 21:05 | Create | Villager (Male) |
| 21:08 | Build | Farm |
| 21:10 | Build | Farm |
| 21:17 | Build | Farm |
| 21:20 | Create | Villager (Male) |
| 21:21 | Create | Villager (Male) |
| 21:28 | Build | Farm |
| 21:29 | Create | Villager (Male) |
| 21:34 | Build | Farm |
| 21:39 | Create | Villager (Male) |
| 21:39 | Create | Villager (Male) |
| 21:45 | Build | House |
| 21:48 | Build | House |
| 21:56 | Build | Farm |
| 21:58 | Create | Villager (Male) |
| 21:59 | Create | Villager (Male) |
| 22:00 | Create | Villager (Male) |
| 22:05 | Build | Farm |
| 22:08 | Build | Farm |
| 22:11 | Create | Villager (Male) |
| 22:14 | Build | Farm |
| 22:20 | Create | Villager (Male) |
| 22:27 | Build | House |
| 22:28 | Create | Villager (Male) |
| 22:28 | Create | Villager (Male) |
| 22:31 | Build | Farm |
| 22:32 | Create | Villager (Male) |
| 22:46 | Build | House |
| 22:47 | Create | Villager (Male) |
| 22:50 | Build | Farm |
| 22:51 | Create | Villager (Male) |
| 22:52 | Create | Villager (Male) |
| 22:56 | Build | Farm |
| 23:11 | Build | Town Center |
| 23:12 | Create | Villager (Male) |
| 23:13 | Create | Villager (Male) |
| 23:13 | Create | Villager (Male) |
| 23:17 | Build | Farm |
| 23:19 | Create | Villager (Male) |
| 23:19 | Create | Villager (Male) |
| 23:25 | Create | Villager (Male) |
| 23:29 | Create | Villager (Male) |
| 23:29 | Create | Villager (Male) |
| 23:34 | Build | House |
Build order — JARDANI1299
First 150 of 400 actions detected
| 0:02 | Create | Villager (Male) |
| 0:02 | Create | Villager (Male) |
| 0:03 | Build | House |
| 0:04 | Build | House |
| 0:19 | Create | Villager (Male) ×2 |
| 1:29 | Create | Villager (Male) |
| 1:29 | Create | Villager (Male) |
| 1:29 | Create | Villager (Male) |
| 1:54 | Create | Villager (Male) |
| 1:56 | Build | Lumber Camp |
| 2:19 | Build | House |
| 2:21 | Build | House |
| 2:24 | Create | Villager (Male) |
| 2:30 | Create | Villager (Male) |
| 2:31 | Create | Villager (Male) |
| 2:31 | Create | Villager (Male) |
| 3:06 | Create | Villager (Male) |
| 3:38 | Create | Villager (Male) |
| 3:39 | Create | Villager (Male) |
| 3:57 | Create | Villager (Male) |
| 3:58 | Create | Villager (Male) |
| 3:58 | Create | Villager (Male) |
| 4:27 | Create | Villager (Male) |
| 4:27 | Create | Villager (Male) |
| 4:50 | Build | Dock |
| 4:57 | Create | Villager (Male) |
| 4:57 | Create | Villager (Male) |
| 4:58 | Create | Villager (Male) |
| 5:14 | Build | House |
| 5:25 | Create | Villager (Male) |
| 5:25 | Create | Villager (Male) |
| 5:37 | Create | Fishing Ship |
| 5:41 | Create | Villager (Male) |
| 5:41 | Create | Villager (Male) |
| 5:41 | Create | Villager (Male) |
| 5:58 | Create | Villager (Male) |
| 5:58 | Create | Villager (Male) |
| 5:58 | Create | Villager (Male) |
| 6:10 | Create | Fishing Ship |
| 6:27 | Create | Villager (Male) ×3 |
| 6:43 | Create | Fishing Ship |
| 7:57 | Create | Villager (Male) |
| 8:13 | Build | Mill |
| 8:25 | Create | Villager (Male) |
| 8:44 | Build | Mining Camp |
| 8:54 | Research | Feudal Age |
| 10:02 | Build | House |
| 10:03 | Build | House |
| 10:26 | Create | Villager (Male) |
| 11:07 | Build | Market |
| 11:11 | Build | Blacksmith |
| 11:26 | Create | Villager (Male) |
| 12:05 | Research | Castle Age |
| 12:12 | Research | Double-Bit Axe |
| 13:57 | Research | Tech 906 |
| 14:36 | Create | Villager (Male) |
| 14:47 | Create | Villager (Male) |
| 14:55 | Build | Town Center |
| 15:04 | Build | Town Center |
| 15:09 | Research | Bow Saw |
| 15:31 | Build | Lumber Camp |
| 15:34 | Create | Villager (Male) |
| 16:03 | Create | Villager (Male) |
| 16:21 | Research | Gillnets |
| 16:23 | Create | Villager (Male) |
| 16:23 | Create | Villager (Male) |
| 16:28 | Research | Wheelbarrow |
| 16:31 | Create | Villager (Male) |
| 16:33 | Create | Villager (Male) |
| 16:33 | Create | Villager (Male) |
| 16:48 | Build | Dock |
| 17:05 | Create | Villager (Male) |
| 17:06 | Create | Villager (Male) |
| 17:16 | Build | Dock |
| 17:26 | Build | Dock |
| 17:29 | Create | Villager (Male) |
| 17:29 | Create | Villager (Male) |
| 17:30 | Create | Fishing Ship |
| 17:31 | Create | Fishing Ship |
| 17:43 | Create | Villager (Male) |
| 17:43 | Create | Villager (Male) |
| 17:54 | Build | Dock |
| 18:03 | Create | Fishing Ship |
| 18:04 | Create | Fishing Ship |
| 18:06 | Create | Villager (Male) |
| 18:12 | Create | Fishing Ship |
| 18:14 | Build | Fish Trap |
| 18:17 | Build | Fish Trap |
| 18:19 | Create | Fishing Ship |
| 18:22 | Create | Fishing Ship |
| 18:34 | Create | Villager (Male) |
| 18:39 | Build | House |
| 18:40 | Build | House |
| 18:42 | Build | House |
| 18:42 | Build | House |
| 18:43 | Build | House |
| 18:44 | Build | House |
| 18:50 | Build | House |
| 18:51 | Build | House |
| 18:51 | Build | House |
| 18:51 | Build | House |
| 18:51 | Build | House |
| 18:51 | Build | House |
| 18:52 | Build | House |
| 18:52 | Build | House |
| 18:52 | Build | House |
| 18:53 | Build | House |
| 18:59 | Build | House |
| 18:59 | Build | House |
| 18:59 | Build | House |
| 19:00 | Build | House |
| 19:00 | Build | House |
| 19:00 | Build | House |
| 19:01 | Build | House |
| 19:01 | Build | House |
| 19:01 | Build | House |
| 19:08 | Create | Villager (Male) |
| 19:11 | Build | Fish Trap |
| 19:15 | Build | Fish Trap |
| 19:19 | Build | Fish Trap |
| 19:22 | Build | Fish Trap |
| 19:27 | Build | Fish Trap |
| 19:30 | Build | Fish Trap |
| 19:35 | Build | Fish Trap |
| 19:39 | Create | Fishing Ship ×2 |
| 19:50 | Create | Villager (Male) |
| 19:50 | Create | Villager (Male) |
| 19:54 | Build | Fish Trap |
| 20:02 | Create | Fishing Ship ×4 |
| 20:20 | Create | Villager (Male) |
| 20:20 | Create | Villager (Male) |
| 20:23 | Build | Fish Trap |
| 20:27 | Build | Fish Trap |
| 20:31 | Create | Fishing Ship |
| 20:31 | Create | Fishing Ship |
| 20:31 | Create | Fishing Ship |
| 20:39 | Create | Villager (Male) ×2 |
| 20:39 | Create | Villager (Male) ×2 |
| 20:49 | Build | Fish Trap |
| 20:53 | Build | Fish Trap |
| 20:55 | Build | Fish Trap |
| 20:58 | Create | Fishing Ship |
| 21:04 | Create | Villager (Male) ×2 |
| 21:04 | Create | Villager (Male) ×2 |
| 21:07 | Create | Fishing Ship ×5 |
| 21:13 | Build | Fish Trap |
| 21:17 | Build | Fish Trap |
| 21:25 | Create | Villager (Male) ×2 |
| 21:29 | Build | Fish Trap |
| 21:32 | Build | Fish Trap |
Build order — lucky0815
First 150 of 497 actions detected
| 0:01 | Create | Villager (Male) |
| 0:01 | Create | Villager (Male) |
| 0:02 | Build | House |
| 0:03 | Build | House |
| 0:25 | Create | Villager (Male) |
| 0:25 | Create | Villager (Male) |
| 1:25 | Create | Villager (Male) |
| 1:57 | Build | Lumber Camp |
| 2:08 | Create | Villager (Male) |
| 2:18 | Create | Villager (Male) |
| 2:47 | Create | Villager (Male) |
| 3:18 | Create | Villager (Male) |
| 3:27 | Create | Villager (Male) |
| 3:54 | Build | House |
| 4:07 | Create | Villager (Male) |
| 4:20 | Create | Villager (Male) |
| 4:38 | Create | Villager (Male) |
| 4:42 | Create | Villager (Male) |
| 4:58 | Create | Villager (Male) |
| 4:58 | Create | Villager (Male) |
| 5:17 | Build | Mill |
| 5:24 | Create | Villager (Male) |
| 5:30 | Create | Villager (Male) |
| 5:39 | Create | Villager (Male) |
| 5:40 | Build | House |
| 5:45 | Create | Villager (Male) |
| 6:04 | Create | Villager (Male) |
| 6:20 | Create | Villager (Male) |
| 6:24 | Build | Palisade Wall |
| 6:27 | Create | Villager (Male) |
| 6:33 | Create | Villager (Male) |
| 6:55 | Build | Palisade Gate |
| 8:17 | Research | Loom |
| 8:18 | Research | Feudal Age |
| 8:26 | Build | Mining Camp |
| 9:05 | Build | House |
| 9:54 | Build | House |
| 11:11 | Build | Mining Camp |
| 11:18 | Build | House |
| 11:20 | Build | Palisade Wall |
| 11:23 | Age | Feudal Age |
| 11:24 | Create | Villager (Male) |
| 11:24 | Create | Villager (Male) |
| 11:28 | Build | Blacksmith |
| 11:43 | Build | Market |
| 11:59 | Build | Gate |
| 12:04 | Create | Villager (Male) |
| 12:13 | Build | Watch Tower |
| 12:21 | Build | Gate |
| 12:23 | Research | Castle Age |
| 12:36 | Build | Gate |
| 12:51 | Research | Fletching |
| 12:51 | Research | Fletching |
| 13:06 | Research | Double-Bit Axe |
| 14:07 | Build | Farm |
| 14:09 | Build | Farm |
| 14:12 | Build | Farm |
| 14:14 | Research | Horse Collar |
| 14:30 | Create | Villager (Male) |
| 14:37 | Build | Stone Wall |
| 14:49 | Build | Farm |
| 14:52 | Build | Farm |
| 15:19 | Age | Castle Age |
| 15:23 | Create | Villager (Male) |
| 15:46 | Create | Villager (Male) |
| 15:53 | Build | Farm |
| 15:54 | Research | Heavy Plow |
| 16:09 | Create | Villager (Male) |
| 16:12 | Build | Farm |
| 16:31 | Build | Farm |
| 16:38 | Create | Villager (Male) |
| 17:08 | Build | Castle |
| 17:18 | Create | Villager (Male) |
| 17:24 | Build | House |
| 17:27 | Build | Palisade Wall |
| 17:29 | Build | Palisade Gate |
| 17:36 | Create | Villager (Male) |
| 17:48 | Create | Villager (Male) |
| 18:04 | Create | Villager (Male) |
| 18:19 | Build | Stone Wall |
| 18:22 | Build | Stone Wall |
| 18:39 | Build | Town Center |
| 18:41 | Create | Villager (Male) |
| 18:50 | Create | Villager (Male) |
| 19:12 | Build | Stone Wall |
| 19:13 | Create | Villager (Male) |
| 19:23 | Build | Town Center |
| 19:29 | Create | Villager (Male) |
| 19:48 | Research | Bow Saw |
| 19:59 | Build | Farm |
| 20:02 | Create | Villager (Male) |
| 20:05 | Build | Farm |
| 20:21 | Build | Farm |
| 20:22 | Create | Villager (Male) |
| 20:27 | Create | Villager (Male) |
| 20:34 | Build | Farm |
| 20:44 | Create | Villager (Male) |
| 20:50 | Build | Farm |
| 20:58 | Create | Villager (Male) |
| 21:02 | Build | Farm |
| 21:04 | Build | Farm |
| 21:15 | Create | Villager (Male) |
| 21:16 | Build | Farm |
| 21:19 | Build | Farm |
| 21:20 | Create | Villager (Male) |
| 21:27 | Create | Villager (Male) |
| 21:31 | Build | Farm |
| 21:35 | Create | Villager (Male) |
| 21:42 | Build | Farm |
| 21:45 | Create | Villager (Male) |
| 21:55 | Build | Farm |
| 21:57 | Build | Farm |
| 22:00 | Create | Villager (Male) |
| 22:05 | Build | Farm |
| 22:06 | Create | Villager (Male) |
| 22:12 | Build | Farm |
| 22:13 | Create | Villager (Male) |
| 22:23 | Build | Farm |
| 22:32 | Create | Villager (Male) |
| 22:35 | Build | Farm |
| 22:36 | Create | Villager (Male) |
| 22:39 | Build | Farm |
| 22:40 | Create | Villager (Male) |
| 22:48 | Create | Villager (Male) |
| 22:56 | Build | Mining Camp |
| 22:57 | Create | Villager (Male) |
| 23:01 | Build | Farm |
| 23:02 | Create | Villager (Male) |
| 23:15 | Build | Farm |
| 23:16 | Create | Villager (Male) |
| 23:16 | Create | Villager (Male) |
| 23:22 | Create | Villager (Male) |
| 23:27 | Build | Farm |
| 23:31 | Create | Villager (Male) |
| 23:35 | Build | Farm |
| 23:38 | Build | Farm |
| 23:42 | Create | Villager (Male) |
| 23:44 | Build | Farm |
| 23:45 | Create | Villager (Male) |
| 23:48 | Create | Villager (Male) |
| 23:51 | Build | Farm |
| 23:52 | Create | Villager (Male) |
| 23:58 | Create | Villager (Male) |
| 24:07 | Build | Farm |
| 24:09 | Build | Farm |
| 24:10 | Create | Villager (Male) |
| 24:15 | Build | Farm |
| 24:16 | Create | Villager (Male) |
| 24:26 | Build | Farm |
| 24:28 | Create | Villager (Male) |
Match timeline
| 0:47 | Cyrus · wall_segment Palisade Wall x8 |
| 1:19 | Fost · wall_segment Palisade Wall x14 |
| 2:00 | Mushu · wall_segment Palisade Wall x1 |
| 2:01 | Cyrus · wall_segment Palisade Wall x1 |
| 2:04 | Cyrus · wall_segment Palisade Wall x1 |
| 2:06 | Cyrus · wall_segment Palisade Wall x1 |
| 2:18 | Mushu · wall_segment Palisade Wall x11 |
| 2:23 | Mushu · wall_segment Palisade Wall x6 |
| 2:36 | Cyrus · wall_segment Palisade Wall x5 |
| 2:57 | Ez4u2nv · wall_segment Palisade Wall x1 |
| 3:00 | Ez4u2nv · wall_segment Palisade Wall x1 |
| 3:20 | Ez4u2nv · wall_segment Palisade Wall x4 |
| 3:24 | Ez4u2nv · wall_segment Palisade Wall x7 |
| 3:52 | Ez4u2nv · wall_segment Palisade Wall x1 |
| 4:09 | Ez4u2nv · wall_segment Palisade Wall x1 |
| 4:10 | Ez4u2nv · wall_segment Palisade Wall x1 |
| 4:50 | JARDANI1299 · first_building Dock |
| 4:56 | NakedNipples · first_building Dock |
| 6:01 | [Anvil] Nikolettafraoula · first_building Dock |
| 6:20 | Mushu · wall_segment Palisade Wall x8 |
| 6:24 | lucky0815 · wall_segment Palisade Wall x17 |
| 6:56 | Cyrus · first_building Dock |
| 7:40 | Mushu · wall_segment Palisade Wall x1 |
| 7:43 | Mushu · wall_segment Palisade Wall x1 |
| 7:48 | Ez4u2nv · wall_segment Palisade Wall x1 |
| 7:48 | Mushu · wall_segment Palisade Wall x1 |
| 8:14 | Ez4u2nv · wall_segment Palisade Wall x4 |
| 8:41 | NakedNipples · wall_segment Palisade Wall x6 |
| 8:41 | Mushu · wall_segment Palisade Wall x1 |
| 8:43 | Mushu · wall_segment Palisade Wall x5 |
| 8:43 | NakedNipples · wall_segment Palisade Wall x6 |
| 8:55 | Fost · first_building Barracks |
| 9:04 | Ez4u2nv · wall_segment Palisade Wall x1 |
| 9:32 | Mushu · wall_segment Palisade Wall x1 |
| 10:51 | Fost · age_up feudal |
| 11:20 | lucky0815 · wall_segment Palisade Wall x1 |
| 11:23 | lucky0815 · age_up feudal |
| 11:44 | [Anvil] Nikolettafraoula · age_up feudal |
| 11:53 | NakedNipples · age_up feudal |
| 11:57 | [Anvil] Nikolettafraoula · wall_segment Stone Wall x1 |
| 12:00 | JARDANI1299 · first_market_sell 100 wood |
| 12:03 | [Anvil] Nikolettafraoula · wall_segment Stone Wall x9 |
| 12:15 | Ez4u2nv · age_up feudal |
| 12:22 | Cyrus · age_up feudal |
| 12:25 | [Anvil] Nikolettafraoula · wall_segment Stone Wall x4 |
| 12:27 | [Anvil] Nikolettafraoula · wall_segment Stone Wall x1 |
| 12:35 | Mushu · age_up feudal |
| 12:38 | Mushu · wall_segment Stone Wall x5 |
| 12:41 | Mushu · wall_segment Stone Wall x5 |
| 12:43 | Mushu · wall_segment Stone Wall x1 |
| 12:44 | Mushu · wall_segment Stone Wall x5 |
| 12:48 | lucky0815 · first_market_sell 100 food |
| 12:50 | Mushu · wall_segment Stone Wall x1 |
| 12:55 | Mushu · wall_segment Stone Wall x1 |
| 12:58 | Mushu · wall_segment Stone Wall x1 |
| 13:08 | Cyrus · wall_segment Stone Wall x8 |
| 13:13 | Cyrus · wall_segment Stone Wall x9 |
| 13:15 | Mushu · wall_segment Stone Wall x3 |
| 13:57 | Fost · wall_segment Stone Wall x13 |
| 14:11 | [Anvil] Nikolettafraoula · first_market_sell 100 stone |
| 14:36 | Mushu · wall_segment Stone Wall x8 |
| 14:37 | lucky0815 · wall_segment Stone Wall x6 |
| 14:38 | Mushu · wall_segment Stone Wall x1 |
| 14:39 | [Anvil] Nikolettafraoula · wall_segment Stone Wall x9 |
| 15:19 | lucky0815 · age_up castle |
| 15:43 | Mushu · first_market_buy 100 food |
| 16:02 | NakedNipples · age_up castle |
| 16:18 | Cyrus · wall_segment Stone Wall x8 |
| 16:40 | Ez4u2nv · age_up castle |
| 17:00 | lucky0815 · first_market_buy 100 stone |
| 17:08 | lucky0815 · first_building Castle |
| 17:27 | lucky0815 · wall_segment Palisade Wall x1 |
| 17:39 | Cyrus · wall_segment Stone Wall x6 |
| 17:42 | JARDANI1299 · first_market_buy 100 food |
| 17:44 | [Anvil] Nikolettafraoula · wall_segment Stone Wall x4 |
| 17:51 | [Anvil] Nikolettafraoula · age_up castle |
| 18:16 | Fost · wall_segment Stone Wall x14 |
| 18:19 | lucky0815 · wall_segment Stone Wall x1 |
| 18:22 | lucky0815 · wall_segment Stone Wall x1 |
| 18:38 | Mushu · age_up castle |
| 19:12 | lucky0815 · wall_segment Stone Wall x5 |
| 19:12 | Fost · first_market_buy 100 food |
| 19:13 | Fost · first_market_sell 100 wood |
| 19:30 | Ez4u2nv · wall_segment Stone Wall x11 |
| 19:31 | Fost · wall_segment Stone Wall x17 |
| 19:32 | Fost · wall_segment Stone Wall x1 |
| 20:27 | NakedNipples · first_market_buy 100 food |
| 20:36 | NakedNipples · wall_segment Palisade Wall x1 |
| 20:39 | NakedNipples · wall_segment Palisade Wall x1 |
| 20:55 | Fost · wall_segment Stone Wall x15 |
| 22:03 | NakedNipples · first_building Monastery |
| 22:21 | Fost · age_up castle |
| 22:39 | Fost · first_building Castle |
| 23:05 | Fost · first_building Archery Range |
| 23:51 | Cyrus · age_up castle |
| 24:01 | [Anvil] Nikolettafraoula · first_building Monastery |
| 24:28 | JARDANI1299 · first_building Monastery |
| 24:51 | [Anvil] Nikolettafraoula · first_building Castle |
| 25:21 | Ez4u2nv · first_building Monastery |
| 25:36 | Cyrus · first_market_buy 100 wood |
| 25:40 | Fost · first_building Siege Workshop |
| 27:10 | Ez4u2nv · first_market_sell 100 food |
| 27:26 | Ez4u2nv · first_building Castle |
| 27:29 | Cyrus · first_building Monastery |
| 27:31 | JARDANI1299 · first_building Barracks |
| 27:32 | lucky0815 · first_building Barracks |
| 27:34 | NakedNipples · first_building Barracks |
| 27:45 | Fost · age_up imperial |
| 28:05 | [Anvil] Nikolettafraoula · first_building Barracks |
| 28:06 | Ez4u2nv · first_building Barracks |
| 28:24 | JARDANI1299 · wall_segment Palisade Wall x1 |
| 28:25 | Mushu · first_building Monastery |
| 28:26 | JARDANI1299 · wall_segment Palisade Wall x1 |
| 28:28 | JARDANI1299 · wall_segment Palisade Wall x1 |
| 28:31 | JARDANI1299 · wall_segment Palisade Wall x1 |
| 28:39 | Ez4u2nv · first_building Siege Workshop |
| 28:41 | JARDANI1299 · first_building Castle |
| 28:47 | lucky0815 · first_building Archery Range |
| 28:48 | NakedNipples · first_building Castle |
| 28:48 | JARDANI1299 · first_building Archery Range |
| 28:50 | Cyrus · first_building Siege Workshop |
| 28:51 | NakedNipples · age_up imperial |
| 28:51 | JARDANI1299 · first_building Stable |
| 29:00 | Ez4u2nv · first_market_buy 100 stone |
| 29:02 | lucky0815 · first_building Stable |
| 29:20 | [Anvil] Nikolettafraoula · age_up imperial |
| 29:38 | Mushu · first_building Barracks |
| 29:52 | Fost · wall_segment Stone Wall x6 |
| 29:56 | Mushu · first_building Castle |
| 30:21 | Ez4u2nv · age_up imperial |
| 30:22 | lucky0815 · age_up imperial |
| 30:22 | Mushu · first_building Archery Range |
| 30:44 | Cyrus · first_building Barracks |
| 30:48 | JARDANI1299 · first_building Siege Workshop |
| 32:40 | Mushu · age_up imperial |
| 32:55 | Mushu · first_building Siege Workshop |
| 33:17 | Fost · first_building Stable |
| 33:18 | Mushu · first_building Stable |
| 34:17 | Cyrus · age_up imperial |
| 34:17 | NakedNipples · first_building Siege Workshop |
| 34:18 | Cyrus · first_building Castle |
| 35:13 | Mushu · first_market_sell 100 food |
| 35:18 | NakedNipples · tribute_sent a jugador 1 |
| 35:18 | NakedNipples · tribute_sent a jugador 2 |
| 35:18 | NakedNipples · tribute_sent a jugador 3 |
| 35:18 | NakedNipples · tribute_sent a jugador 5 |
| 35:18 | NakedNipples · tribute_sent a jugador 6 |
| 35:18 | NakedNipples · tribute_sent a jugador 7 |
| 35:18 | NakedNipples · tribute_sent a jugador 8 |
| 36:38 | Cyrus · first_market_sell 100 wood |
| 39:12 | [Anvil] Nikolettafraoula · tribute_sent a jugador 2 |
| 39:12 | [Anvil] Nikolettafraoula · tribute_sent a jugador 3 |
| 39:12 | [Anvil] Nikolettafraoula · tribute_sent a jugador 4 |
| 39:12 | [Anvil] Nikolettafraoula · tribute_sent a jugador 5 |
| 39:12 | [Anvil] Nikolettafraoula · tribute_sent a jugador 6 |
| 39:12 | [Anvil] Nikolettafraoula · tribute_sent a jugador 7 |
| 39:12 | [Anvil] Nikolettafraoula · tribute_sent a jugador 8 |
| 39:36 | JARDANI1299 · tribute_sent a jugador 1 |
| 39:36 | JARDANI1299 · tribute_sent a jugador 2 |
| 39:36 | JARDANI1299 · tribute_sent a jugador 3 |
| 39:36 | JARDANI1299 · tribute_sent a jugador 4 |
| 39:36 | JARDANI1299 · tribute_sent a jugador 5 |
| 39:36 | JARDANI1299 · tribute_sent a jugador 6 |
| 39:36 | JARDANI1299 · tribute_sent a jugador 8 |
| 39:46 | [Anvil] Nikolettafraoula · tribute_sent a jugador 2 |
| 39:46 | [Anvil] Nikolettafraoula · tribute_sent a jugador 3 |
| 39:46 | [Anvil] Nikolettafraoula · tribute_sent a jugador 4 |
| 39:46 | [Anvil] Nikolettafraoula · tribute_sent a jugador 5 |
| 39:46 | [Anvil] Nikolettafraoula · tribute_sent a jugador 6 |
| 39:46 | [Anvil] Nikolettafraoula · tribute_sent a jugador 7 |
| 39:46 | [Anvil] Nikolettafraoula · tribute_sent a jugador 8 |
| 40:15 | Ez4u2nv · tribute_sent a jugador 1 |
| 40:15 | Ez4u2nv · tribute_sent a jugador 3 |
| 40:15 | Ez4u2nv · tribute_sent a jugador 4 |
| 40:15 | Ez4u2nv · tribute_sent a jugador 5 |
| 40:15 | Ez4u2nv · tribute_sent a jugador 6 |
| 40:15 | Ez4u2nv · tribute_sent a jugador 7 |
| 40:15 | Ez4u2nv · tribute_sent a jugador 8 |
| 40:48 | Ez4u2nv · tribute_sent a jugador 1 |
| 40:48 | Ez4u2nv · tribute_sent a jugador 3 |
| 40:48 | Ez4u2nv · tribute_sent a jugador 4 |
| 40:48 | Ez4u2nv · tribute_sent a jugador 5 |
| 40:48 | Ez4u2nv · tribute_sent a jugador 6 |
| 40:48 | Ez4u2nv · tribute_sent a jugador 7 |
| 40:48 | Ez4u2nv · tribute_sent a jugador 8 |
| 41:46 | JARDANI1299 · tribute_sent a jugador 1 |
| 41:46 | JARDANI1299 · tribute_sent a jugador 2 |
| 41:46 | JARDANI1299 · tribute_sent a jugador 3 |
| 41:46 | JARDANI1299 · tribute_sent a jugador 4 |
| 41:46 | JARDANI1299 · tribute_sent a jugador 5 |
| 41:46 | JARDANI1299 · tribute_sent a jugador 6 |
| 41:46 | JARDANI1299 · tribute_sent a jugador 8 |
| 43:01 | Ez4u2nv · first_building Archery Range |
| 43:25 | NakedNipples · first_market_sell 500 food |
| 43:27 | Fost · wall_segment Stone Wall x6 |
| 43:30 | lucky0815 · first_building Siege Workshop |
| 44:13 | Ez4u2nv · wall_segment Stone Wall x10 |
| 44:37 | NakedNipples · tribute_sent a jugador 1 |
| 44:37 | NakedNipples · tribute_sent a jugador 2 |
| 44:37 | NakedNipples · tribute_sent a jugador 3 |
| 44:37 | NakedNipples · tribute_sent a jugador 5 |
| 44:37 | NakedNipples · tribute_sent a jugador 6 |
| 44:37 | NakedNipples · tribute_sent a jugador 7 |
| 44:37 | NakedNipples · tribute_sent a jugador 8 |
| 44:40 | [Anvil] Nikolettafraoula · tribute_sent a jugador 2 |
| 44:40 | [Anvil] Nikolettafraoula · tribute_sent a jugador 3 |
| 44:40 | [Anvil] Nikolettafraoula · tribute_sent a jugador 4 |
| 44:40 | [Anvil] Nikolettafraoula · tribute_sent a jugador 5 |
| 44:40 | [Anvil] Nikolettafraoula · tribute_sent a jugador 6 |
| 44:40 | [Anvil] Nikolettafraoula · tribute_sent a jugador 7 |
| 44:40 | [Anvil] Nikolettafraoula · tribute_sent a jugador 8 |
| 44:47 | Ez4u2nv · wall_segment Stone Wall x9 |
| 44:55 | Fost · wall_segment Stone Wall x4 |
| 45:21 | Fost · wall_segment Stone Wall x2 |
| 45:23 | Fost · wall_segment Stone Wall x3 |
| 45:26 | Fost · wall_segment Stone Wall x19 |
| 45:28 | Fost · wall_segment Stone Wall x9 |
| 45:58 | Ez4u2nv · wall_segment Stone Wall x12 |
| 46:03 | JARDANI1299 · tribute_sent a jugador 1 |
| 46:03 | JARDANI1299 · tribute_sent a jugador 2 |
| 46:03 | JARDANI1299 · tribute_sent a jugador 3 |
| 46:03 | JARDANI1299 · tribute_sent a jugador 4 |
| 46:03 | JARDANI1299 · tribute_sent a jugador 5 |
| 46:03 | JARDANI1299 · tribute_sent a jugador 6 |
| 46:03 | JARDANI1299 · tribute_sent a jugador 8 |
| 46:46 | Fost · wall_segment Stone Wall x1 |
| 47:32 | Fost · wall_segment Stone Wall x3 |
| 47:43 | Fost · wall_segment Stone Wall x2 |
| 48:01 | Fost · wall_segment Stone Wall x2 |
| 48:20 | Ez4u2nv · wall_segment Stone Wall x1 |
| 48:21 | Ez4u2nv · wall_segment Stone Wall x1 |
| 48:54 | JARDANI1299 · tribute_sent a jugador 1 |
| 48:54 | JARDANI1299 · tribute_sent a jugador 2 |
| 48:54 | JARDANI1299 · tribute_sent a jugador 3 |
| 48:54 | JARDANI1299 · tribute_sent a jugador 4 |
| 48:54 | JARDANI1299 · tribute_sent a jugador 5 |
| 48:54 | JARDANI1299 · tribute_sent a jugador 6 |
| 48:54 | JARDANI1299 · tribute_sent a jugador 8 |
| 49:54 | Fost · wall_segment Stone Wall x1 |
| 49:56 | Fost · wall_segment Stone Wall x7 |
| 50:01 | Fost · wall_segment Stone Wall x5 |
| 50:44 | JARDANI1299 · tribute_sent a jugador 1 |
| 50:44 | JARDANI1299 · tribute_sent a jugador 2 |
| 50:44 | JARDANI1299 · tribute_sent a jugador 3 |
| 50:44 | JARDANI1299 · tribute_sent a jugador 4 |
| 50:44 | JARDANI1299 · tribute_sent a jugador 5 |
| 50:44 | JARDANI1299 · tribute_sent a jugador 6 |
| 50:44 | JARDANI1299 · tribute_sent a jugador 8 |
| 51:01 | [Anvil] Nikolettafraoula · first_building Archery Range |
| 52:02 | JARDANI1299 · tribute_sent a jugador 1 |
| 52:02 | JARDANI1299 · tribute_sent a jugador 2 |
| 52:02 | JARDANI1299 · tribute_sent a jugador 3 |
| 52:02 | JARDANI1299 · tribute_sent a jugador 4 |
| 52:02 | JARDANI1299 · tribute_sent a jugador 5 |
| 52:02 | JARDANI1299 · tribute_sent a jugador 6 |
| 52:02 | JARDANI1299 · tribute_sent a jugador 8 |
| 52:18 | NakedNipples · resign |
[ AI ANALYSIS · 1 CREDIT ]
What really happened in this match?
Wolo.gg analyzes every decision: build order, eco, micro, common mistakes by bracket. Personalized analysis on WhatsApp or Discord in 30 seconds.
Civ guide
Wei
Map guide
AW4 Rage Forest (Custom)
Perfil
Jugador #242582